 Dungeon Crawl Stone Soup version 0.28.0-53-g5a82cb258f (webtiles) character file.

Game seed: 6788910817404547336

1334 bnorton916 the Thaumaturge (level 8, -5/41 HPs)
             Began as a Deep Elf Fire Elementalist on June 16, 2022.
             Slain by an orc warrior
             ... wielding a +0 dire flail
              (19 damage)
             ... on level 5 of the Dungeon.
             The game lasted 00:06:47 (8694 turns).

bnorton916 the Thaumaturge (DEFE)                   Turns: 8694, Time: 00:06:48

Health: -5/41      AC:  9    Str:  5    XL:     8   Next: 34%
Magic:  16/22      EV: 12    Int: 23    God:
Gold:   188        SH:  0    Dex: 15    Spells: 20/23 levels left

rFire   . . .      SeeInvis .   (no weapon)
rCold   . . .      Faith    .   (no shield)
rNeg    + . .      Spirit   .   v - +2 robe {Will+}
rPois   .          Reflect  .   (no helmet)
rElec   .          Harm     .   q - +0 cloak
rCorr   .          Rampage  .   (no gloves)
Will    +....                   (no boots)
Stlth   ++........              (no amulet)
HPRegen 0.13/turn               l - +4 ring of protection
MPRegen 0.18/turn               j - ring of positive energy

@: no status effects
A: no striking features
a: no special abilities


You were on level 5 of the Dungeon.
You visited 1 branch of the dungeon, and saw 5 of its levels.
You also visited: Sewer.

You collected 188 gold pieces.

Inventory:

Hand Weapons
 i - a +1 hand axe of freezing
 r - a +4 quarterstaff of chaos
 w - a +0 dagger
 A - a +0 dagger of venom
 D - a +0 mace of holy wrath
Missiles
 b - 166 stones
 g - 14 poisoned darts
Armour
 q - a +0 cloak (worn)
 v - a +2 robe of willpower (worn)
Jewellery
 j - a ring of positive energy (right hand)
 l - a +4 ring of protection (left hand)
 s - a ring of flight
Wands
 t - a wand of polymorph (14)
 y - a wand of charming (10)
Scrolls
 c - a scroll of silence {unknown}
 d - a scroll of vulnerability {unknown}
 e - 2 scrolls of identify
 f - a scroll of fog {unknown}
 k - a scroll of holy word {unknown}
 m - 4 scrolls of teleportation
 z - a scroll of amnesia {unknown}
 E - a scroll of enchant armour {unknown}
Potions
 a - 2 potions of might
 h - 2 potions of invisibility {unknown}
 n - a potion of degeneration {unknown}
 o - 2 potions of cancellation {unknown}
 p - 2 potions of curing
 u - a potion of ambrosia {unknown}
 x - a potion of brilliance {unknown}
 B - 2 potions of flight
 C - a potion of heal wounds


   Skills:
 - Level 2.4 Dodging
 - Level 2.4 Stealth
 + Level 8.2 Spellcasting
 + Level 6.4 Conjurations
 + Level 7.2 Fire Magic


You had 20 spell levels left.
You knew the following spells:

 Your Spells              Type           Power      Damage    Failure   Level
a - Foxfire               Conj/Fire      100%       2x1d9     1%          1
b - Scorch                Fire           86%        2d9       1%          2

Your spell library contained the following spells:

 Spells                   Type           Power      Damage    Failure   Level
 Magic Dart               Conj           100%       1d8       1%          1
 Conjure Flame            Conj/Fire      41%        6-21      1%          3
 Inner Flame              Hex/Fire       26%        N/A       4%          3
 Flame Wave               Conj/Fire      41%        2d9       4%          4
 Beastly Appendage        Tmut           18%        N/A       7%          1
 Mephitic Cloud           Conj/Pois/Air  19%        N/A       9%          3
 Call Imp                 Summ           9%         N/A       11%         2
 Wereblood                Tmut           9%         N/A       11%         2
 Spider Form              Tmut/Pois      9%         N/A       21%         3


Dungeon Overview and Level Annotations

Branches:
Dungeon (5/15)              Sewer (visited)
 Temple: D:4-7

Altars:

Shops:
D:3 =


Message History

You hear a shout!
Casting: Scorch (safe; 1% risk of failure)
Confirm with . or Enter, or press ? or * to list all spells.
Flames lash the orc warrior.
The orc warrior is heavily wounded.
The orc warrior's fire resistance burns away.
An orc comes into view. It is wielding a +0 club.
The orc warrior hits you with a +0 dire flail!
The orc warrior closely misses you.
Casting: Scorch (safe; 1% risk of failure)
Confirm with . or Enter, or press ? or * to list all spells.
Flames lash the orc warrior.
The orc warrior is burned terribly!
The orc warrior is heavily wounded.
You hear a shout!
The orc warrior hits you with a +0 dire flail!
Unknown command.
Casting: Scorch (safe; 1% risk of failure)
Confirm with . or Enter, or press ? or * to list all spells.
You conjure some foxfire!
An orc comes into view. It is wielding a +0 short sword.
The orc closely misses you. The orc warrior closely misses you.
The foxfire hits the orc.
The orc is lightly wounded.
The foxfire hits the orc warrior but does no damage.
The orc warrior is heavily wounded.
The orc throws a boomerang.
The boomerang hits you but does no damage.
The orc hits you with a +0 club. The orc warrior barely misses you.
Casting: Foxfire (safe; 1% risk of failure)
Confirm with . or Enter, or press ? or * to list all spells.
You conjure some foxfire!
The orc warrior is no longer more vulnerable to fire.
The orc barely misses you. The orc warrior closely misses you.
The foxfire hits the orc.
The orc is almost dead.
The foxfire hits the orc warrior!
The orc warrior is almost dead.
The orc closely misses you.
The orc warrior hits you with a +0 dire flail!!
You die...

..# #.# #.# *,*,******* ..#
#.# ###.######*,*,* ..# #.#
#........#*,#,* .[####.#
#........##.#,*
.....#.######.......o').#,*
.....#......'........####,*
.....#######'........# *,*
#######.........o....# *,*
≈≈.≈###.........@o.###******
####÷##............#,,,,,,,*
#≈##≈#######.......#,,,8,,,*
.#≈#≈# #.#######,,*,*,,*
.#≈#.# #.......#,8,*,8,*
##≈#≈# #.......#,,*,*,,*
≈÷≈#≈####* ##.####.#,,,8,,,*
####.#...####.####,*,,,,,,,*
÷≈≈≈##*#......##<#,#***+****


You could see an orc warrior and 2 orcs.

Vanquished Creatures
  A water moccasin (D:5)
  A sky beast (D:5)
  A necrophage (D:5)
  An ogre (D:4)
  2 kobold brigands (Sewer)
  A howler monkey (D:3)
  2 jellies
  3 hounds
  4 orc priests
  2 iguanas
  Crazy Yiuf (D:3)
  2 bullfrog skeletons
  Natasha (thrice) (D:4)
  An orc wizard (D:4)
  A hound skeleton (D:4)
  Robin (D:2)
  12 adders
  A white imp (D:5)
  A worm (D:2)
  A dart slug (D:3)
  14 orcs
  4 endoplasms
  6 giant cockroaches
  17 goblins
  11 hobgoblins
  10 jackals
  11 quokkas
  7 ball pythons
  5 bats
  2 frilled lizards
  8 kobolds
  6 rats
143 creatures vanquished.

Vanquished Creatures (others)
  574 foxfires
574 creatures vanquished.

Grand Total: 717 creatures vanquished

Notes
Turn   | Place    | Note
-------+----------+-------------------------------------------
     0 | D:1      | bnorton916 the Deep Elf Fire Elementalist began the quest
                  | for the Orb.
     0 | D:1      | Reached XP level 1. HP: 10/10 MP: 6/6
   721 | D:1      | Reached XP level 2. HP: 15/15 MP: 5/8
  1824 | D:2      | Reached XP level 3. HP: 8/19 MP: 5/10
  2167 | D:2      | Reached skill level 4 in Spellcasting
  2774 | D:2      | Reached XP level 4. HP: 24/24 MP: 7/12
  2894 | D:2      | Noticed Robin
  2902 | D:2      | Killed Robin
  4516 | D:3      | Reached XP level 5. HP: 28/28 MP: 10/14
  4602 | D:3      | Reached skill level 5 in Spellcasting
  5116 | D:3      | Found Zysijek's One-of-a-Kind Rings.
  5243 | D:3      | Found a runed translucent door.
  5244 | D:3      | Noticed Crazy Yiuf
  5456 | D:3      | Identified the +1 leather armour of Ethics {Harm MP+9}
  5592 | D:3      | Learned a level 2 spell: Scorch
  5599 | D:3      | Killed Crazy Yiuf
  5825 | D:4      | Reached skill level 5 in Fire Magic
  5832 | D:4      | Reached XP level 6. HP: 28/32 MP: 8/16
  6006 | D:4      | Noticed Natasha
  6011 | D:4      | Killed Natasha
  6060 | D:4      | Noticed Natasha
  6067 | D:4      | Killed Natasha
  6068 | D:4      | Reached skill level 6 in Spellcasting
  6403 | D:4      | Reached XP level 7. HP: 36/36 MP: 12/18
  6415 | D:4      | Noticed Natasha
  6418 | D:4      | Killed Natasha
  7124 | D:4      | Reached skill level 5 in Conjurations
  7526 | D:5      | Entered Level 5 of the Dungeon
  7623 | D:5      | Reached skill level 7 in Spellcasting
  7823 | D:5      | Found a glowing drain.
  7827 | Sewer    | Entered a sewer
  8144 | Sewer    | Found a white marble altar of Elyvilon.
  8273 | D:5      | Reached XP level 8. HP: 41/41 MP: 15/21
  8334 | D:5      | Reached skill level 8 in Spellcasting
  8694 | D:5      | Slain by an orc warrior

Illustrated notes

Levels and vault maps discovered:
D:1:      lightli_arrival_chessboard, layout_basic, st_stairs_12,
          serial_park_tiny_1
D:2:      minmay_recursive_quarters, layout_basic, minmay_goblin_kobold_house,
          uniq_robin
D:3:      layout_basic, serial_glass, glass_columns_a, glass_columns_a,
          minmay_misc_feat_pillars, nicolae_shop_unique_rings,
          uniq_crazy_yiuf_cottage
D:4:      nicolae_BIG_FREAKIN_CUBE, layout_cave_pools, minmay_starry_boxes,
          uniq_natasha
D:5:      layout_basic, overflow_temple_1_default, gup_sewer_entry_spiral,
          kennysheep_generic_room_10

Skill      XL: |  1  2  3  4  5  6  7  8 |
---------------+-------------------------+-----
Conjurations   | 2 3 4 6 |  6.4
Spellcasting   | 4 5 6 7 8 |  8.2
Fire Magic     | 4 5 6 7 |  7.2
Dodging        | |  2.4
Stealth        | |  2.4

Action                   |  1- 3 |  4- 6 |  7- 9 || total
-------------------------+-------+-------+-------++-------
 Cast: Foxfire           |   126 |   144 |    86 ||   356
       Scorch            |       |    15 |    26 ||    41
  Use: Scroll            |       |       |     5 ||     5
       Potion            |       |       |     1 ||     1
Armor: Robe              |     4 |    21 |    14 ||    39
Dodge: Dodged            |    21 |    33 |    32 ||    86
